 Dungeon Crawl Stone Soup version 0.31-a0-355-g57cb03d3e8 (webtiles) character file.

Game seed: 5785783422701781385

1143 Dordric the Grappler (level 8, -7/42 HPs)
             Began as a Vampire Shapeshifter on July 25, 2023.
             Was a Follower of Hepliaklqana.
             Mangled by a yak (11 damage)
             ... on level 5 of the Dungeon.
             The game lasted 00:05:16 (5778 turns).

Dordric the Grappler (Vampire Shapeshifter)         Turns: 5778, Time: 00:05:17

Health: -7/42      AC:  5    Str: 16    XL:     8   Next: 15%
Magic:  8/8        EV: 16    Int: 11    God:    Hepliaklqana [*.....]
Gold:   339        SH:  0    Dex: 14    Spells: 7/7 levels left

rFire   . .          .
                       - Unarmed
rCold   . . .        (no shield)
rNeg    . . .        l - +0 ring mail
rPois   .            (helmet currently unavailable)
rElec   .            (cloak currently unavailable)
rCorr   +            (gloves currently unavailable)
SInv    +            (boots currently unavailable)
Will    .....        D - amulet of faith Stlth
                     i - ring of resist corrosion
HPRegen 0.47/turn    w - +5 ring of evasion
MPRegen 0.11/turn

%: faith
@: confused, beast-form, healing quickly
A: beast (slay +4), reduced essence, alive, fangs 3, see invisible, vampiric 2,
[frail 1]
a: Exsanguinate, Begin Untransformation, Renounce Religion, Recall Ancestor,
Ancestor Identity


You were on level 5 of the Dungeon.
You worshipped Hepliaklqana.
Hepliaklqana was aware of your devotion.
You were a hulking beast.
You visited 2 branches of the dungeon, and saw 7 of its levels.

You collected 339 gold pieces.

Inventory:

Armour
 a - a +0 animal skin
 k - a +0 pair of gloves
 l - a +0 ring mail (worn)
 m - a +1 pair of boots
Jewellery
 i - a ring of resist corrosion (left hand)
 w - a +5 ring of evasion (right hand)
 z - a ring of positive energy
 D - an amulet of faith (around neck)
Talismans
 c - a beast talisman
 F - a maw talisman
Wands
 y - a wand of polymorph (23)
Scrolls
 d - 2 scrolls of noise {unknown}
 e - 2 scrolls of poison {unknown}
 g - a scroll of revelation {unknown}
 h - 2 scrolls of enchant weapon {unknown}
 n - a scroll of fog {unknown}
 p - 5 scrolls of identify {unknown}
 q - a scroll of summoning {unknown}
 r - 2 scrolls of torment {unknown}
 s - 2 scrolls of blinking {unknown}
 t - a scroll of enchant armour {unknown}
 E - a scroll of teleportation {unknown}
Potions
 b - a potion of lignification
 f - 4 potions of degeneration {unknown}
 j - 2 potions of magic {unknown}
 o - 2 potions of haste {unknown}
 u - 4 potions of brilliance {unknown}
 v - a potion of resistance {unknown}
 x - a potion of cancellation {unknown}
 A - a potion of curing {unknown}
 B - a potion of heal wounds {unknown}
 C - a potion of mutation {unknown}


   Skills:
 - Level 0.8 Fighting
 - Level 2.1 Dodging
 + Level 8.2 Unarmed Combat
 + Level 7.1 Shapeshifting


You had 7 spell levels left.
You didn't know any spells.
Your spell library contained the following spells:

 Spells                   Type           Power      Damage    Failure   Level
 Necrotise                Necr           0%         1d4       56%         1
 Ensorcelled Hibernation  Hex/Ice        0%         N/A       71%         2
 Passwall                 Tmut/Erth      0%         N/A       71%         2
 Poisonous Vapours        Pois/Air       0%         N/A       71%         2
 Mephitic Cloud           Conj/Pois/Air  0%         N/A       90%         3
 Summon Guardian Golem    Hex/Summ       0%         N/A       90%         3
 Swiftness                Air            0%         N/A       90%         3
 Vampiric Draining        Necr           0%         2d6       90%         3
 Agony                    Necr           0%         N/A       100%        5
 Freezing Cloud           Conj/Ice/Air   0%         6-21      100%        5
 Orb of Destruction       Conj           0%         9d5       100%        7
 Spellforged Servitor     Conj/Summ      0%         N/A       100%        7


Dungeon Overview and Level Annotations

Branches:
Dungeon (6/15)             Temple (1/1) D:5

Altars:
Cheibriados
Dithmenos
Fedhas
Gozag
Hepliaklqana
Makhleb
Nemelex Xobeh
Okawaru
Ru
Sif Muna
Wu Jian
Xom
Yredelemnul
Jiyva

Annotations:
D:5 3 runed translucent doors, bahustanut's ghost, amateur OgSh


Innate Abilities, Weirdness & Mutations

You are a hulking beast.
Your limbs bulge with bestial killing power. (Slay +4)
Your life essence is reduced to manifest your ancestor. (-10% HP)
Your natural rate of healing is accelerated.
You have razor-sharp teeth.
You have supernaturally acute eyesight. (SInv)
You are afflicted with vampirism and can become a bat while bloodless.
[You are frail. (-10% HP)]


Message History

You swap places.
Things that are here:
a +0 scimitar; a +0 plate armour
There is a stone staircase leading down, spattered with blood here.
You climb downwards.
The orc wizard misses you. The yak gores you!
There is a stone staircase leading up here.
There are monsters nearby!
There are monsters nearby!
There are no items here.
The yak misses you. The yak barely misses you.
The orc wizard barely misses you.
You climb upwards.
Level annotation: 3 runed translucent doors, bahustanut's ghost, amateur OgSh
There is a stone staircase leading down, spattered with blood here.
You closely miss the yak. The yak gores you.
The yak gores you but does no damage.
The orc wizard gestures at you while chanting.
You are confused.
You are too confused!
You are too confused!
You are too confused!
You are too confused!
You are too confused!
You bump into the rock wall.
Tertin hits the yak.
The yak completely misses you. The yak gores you!
The orc wizard closely misses you.
You hit the orc wizard.
The orc wizard is moderately wounded.
Tertin barely misses the yak.
The yak closely misses you. The yak gores you!
* * * LOW HITPOINT WARNING * * *
The orc wizard casts a spell.
The orc wizard flickers and vanishes for a moment.
You're too confused to move!
Tertin hits the yak but does no damage.
The yak gores you.
* * * LOW HITPOINT WARNING * * *
The yak barely misses you.
The orc wizard gestures at you while chanting.
You easily resist.
You bump into the rock wall.
Tertin hits the yak.
The yak gores you!
You die...

#...#...###.##...#.#......#..##
..#.#.....#.##...#.####.......#
..#..#.#[...##.........[......#
.....#.#...###...######.#.....#
...#.#.#........#.........##.##
...#.#.#..[........##.###.##.#
...#.#.#..[#####.............###
...#.#.#.......#
#[.....#.#.............#
#.##.#.#.#.............##
#.##.#.#............)....
#########.##)..#.......#######.##


You could see the friendly Tertin the ancestor, 2 yaks and an orc wizard
(invisible).

Vanquished Creatures
  Menkaure (D:6)
  An orc warrior (D:5)
  A sky beast (D:6)
  2 bullfrogs (D:6)
  2 scorpions
  A howler monkey (D:5)
  2 hounds
  A jelly (D:6)
  An orc priest (D:4)
  3 sleepcaps
  3 iguanas
  2 orc wizards
  4 gnolls (D:3)
  6 adders
  2 white imps (D:5)
  3 worms
  2 dart slugs (D:1)
  17 orcs
  11 endoplasms
  3 giant cockroaches
  5 goblins
  6 hobgoblins
  7 jackals
  4 quokkas
  9 ball pythons
  7 bats
  2 frilled lizards
  8 kobolds
  4 rats
120 creatures vanquished.

Vanquished Creatures (others)
  An ancestor (D:6)
1 creature vanquished.

Grand Total: 121 creatures vanquished

Notes
Turn   | Place    | Note
-------+----------+-------------------------------------------
     0 | D:1      | Dordric the Vampire Shapeshifter began the quest for the
                  | Orb.
     0 | D:1      | Reached XP level 1. HP: 14/14 MP: 1/1
   240 | D:1      | Reached XP level 2. HP: 16/20 MP: 2/2
   430 | D:1      | Found a faded altar of an unknown god.
   845 | D:1      | Reached skill level 4 in Unarmed Combat
   941 | D:2      | Gained mutation: You are afflicted with vampirism and can
                  | become a bat while bloodless. [Vampire growth]
   941 | D:2      | Reached XP level 3. HP: 20/25 MP: 3/3
  1533 | D:2      | Reached XP level 4. HP: 28/31 MP: 4/4
  1826 | D:3      | Found a blossoming altar of Fedhas.
  1826 | D:3      | Found an opulent altar of Gozag.
  1893 | D:3      | Found an iron altar of Okawaru.
  2019 | D:3      | Reached skill level 5 in Unarmed Combat
  2061 | D:3      | Reached XP level 5. HP: 24/36 MP: 5/5
  2645 | D:4      | Found a shimmering blue altar of Sif Muna.
  2683 | D:4      | Reached skill level 5 in Shapeshifting
  2772 | D:4      | Reached XP level 6. HP: 22/42 MP: 6/6
  2941 | D:4      | Reached skill level 6 in Unarmed Combat
  3949 | D:5      | Entered Level 5 of the Dungeon
  4102 | D:5      | Found a runed translucent gate.
  4102 | D:5      | Found a runed translucent gate.
  4103 | D:5      | Found a runed translucent gate.
  4104 | D:5      | Noticed bahustanut's ghost (amateur OgSh)
  4144 | D:5      | Reached XP level 7. HP: 47/47 MP: 7/7
  4177 | D:5      | Found a staircase to the Ecumenical Temple.
  4392 | Temple   | Entered the Ecumenical Temple
  4520 | Temple   | Became a worshipper of Hepliaklqana the Forgotten
  4970 | D:6      | Reached skill level 7 in Unarmed Combat
  5276 | D:6      | Noticed Menkaure
  5284 | D:6      | Killed Menkaure
  5365 | D:6      | Reached XP level 8. HP: 49/53 MP: 8/8
  5393 | D:6      | Reached skill level 8 in Unarmed Combat
  5438 | D:6      | Reached * piety under Hepliaklqana
  5778 | D:5      | Mangled by a yak

Illustrated notes

Levels and vault maps discovered:
D:1:      minmay_arrival_split_and_join, layout_basic,
          shapermc_ecumenical_altar_notcrosses, roderic_serpentine_path,
          minmay_misc_feat_iff
D:2:      kennysheep_six_static_rooms, layout_basic, minmay_cupped
D:3:      layout_loops_ring, lemuel_doored_altar, okawaru_metal_pillars_1_2,
          mainiacjoe_overflow_divided_tiny, patterned_corridor
D:4:      cheibrodos_helix_gallery, layout_layer_cave, lemuel_tele_altar
D:5:      layout_basic, minmay_temple_entry_antechambers,
          gammafunk_ghost_necromancy, hangedman_decor_peaks_small,
          nicolae_figureground_pulse
D:6:      layout_layer_cave, uniq_menkaure
Temple:   pf_slime_end_temple

Skill      XL: |  1  2  3  4  5  6  7  8 |
---------------+-------------------------+-----
Unarmed Combat | 4 5 6 7 8 |  8.2
Shapeshifting  | 4 5 6 7 |  7.1
Fighting       | |  0.8
Dodging        | |  2.1

Action                     |  1- 3 |  4- 6 |  7- 9 || total
---------------------------+-------+-------+-------++-------
  Melee: Unarmed           |    92 |   150 |    91 ||   333
         Punch             |     4 |     2 |     6 ||    12
         Bite              |     5 |    13 |     4 ||    22
 Invoke: Ancestor Identity |       |       |     2 ||     2
Ability: Exsanguinate      |       |       |     1 ||     1
         Revivify          |       |       |     1 ||     1
 Armour: Animal skin       |     7 |       |       ||     7
         Ring mail         |    15 |    31 |     7 ||    53
  Dodge: Dodged            |    49 |    89 |    71 ||   209
   Form: Beast             |       |       |     1 ||     1

Table legend: (Time is in decaauts)
 A = Elapsed time spent in this place.
 B = Non-inter-level travel time spent in this place.
 C = Inter-level travel time spent in this place.
 D = Time resting spent in this place.
 E = Time spent auto-exploring this place.
 F = Levels seen in this place.
 G = Mean time per level.
                   A        B        C        D        E       F      G
               +--------+--------+--------+--------+--------+-----+--------+
         Total |   5744 |   5544 |    200 |    433 |   4270 |   7 |  820.6 |
       Dungeon |   5603 |   5416 |    187 |    333 |   4270 |   6 |  933.8 |
        Temple |    140 |    128 |     12 |    100 |      0 |   1 |  140.0 |
               +--------+--------+--------+--------+--------+-----+--------+

Top non-repeatable levels by time:
     D:4: 1371 daAuts
     D:5: 1067 daAuts
     D:1: 932 daAuts
     D:2: 821 daAuts
     D:3: 804 daAuts
     D:6: 606 daAuts
  Temple: 140 daAuts
